[Event "Titled Tuesday Blitz June 15 2021"]
[White "Urazayev, Arystanbek"]
[Black "Quintiliano Pinto, Renato R."]
[WhiteFideId "13709810"]
[BlackFideId "2117568"]
[WhiteElo "2321"]
[BlackElo "2439"]
[Result "1-0"]
[Round "10"]
[TimeControl "180+1"]
[Date "2021.06.15"]
[WhiteClock "0:01:58"]
[BlackClock "0:00:12"]

1. e4 c5 2. Nf3 d6 3. d4 cxd4 4. Nxd4 Nf6 5. Nc3 a6 6. Rg1 e5 7. Nb3 Be6 8. g4 d5 9. exd5 Nxd5 10. Nxd5 Qxd5 11. Qxd5 Bxd5 12. Be3 Nc6 13. O-O-O O-O-O 14. Bb6 Rd7 15. a3 Be7 16. g5 Be6 17. Rxd7 Kxd7 18. Nc5+ Bxc5 19. Bxc5 h6 20. g6 f6 21. Bg2 Bf5 22. Bd5 Kc7 23. h4 Rd8 24. Bf7 Nd4 25. Kb1 Bxc2+ 26. Ka2 Bf5 27. Be7 Rd7 28. Bxf6 Be6+ 29. Bxe6 Nxe6 30. Bxe5+ Kb6 31. f4 Nc5 32. f5 Nd3 33. Bc3 Nf4 34. f6 1-0


[Site "https://www.chess.com"]

[Event "Titled Tuesday Blitz June 15 2021"]
[White "Vazquez, Facundo"]
[Black "Odegov, Artem"]
[WhiteFideId "3007669"]
[BlackFideId "34183644"]
[WhiteElo "1984"]
[BlackElo "2297"]
[Result "1-0"]
[Round "10"]
[TimeControl "180+1"]
[Date "2021.06.15"]
[WhiteClock "0:00:44"]
[BlackClock "0:00:05"]

1. d4 Nf6 2. c4 g6 3. Nf3 Bg7 4. g3 O-O 5. Bg2 d6 6. O-O Nbd7 7. Nc3 e5 8. e4 c6 9. h3 Re8 10. Be3 Qc7 11. Rc1 exd4 12. Nxd4 Nc5 13. Qc2 Bd7 14. Rfd1 Re7 15. b4 Ne6 16. Nde2 Rae8 17. c5 dxc5 18. bxc5 Nh5 19. f4 Nxg3 20. Nxg3 Nxf4 21. Bxf4 Qxf4 22. Qf2 Qg5 23. Nge2 Be5 24. Kh1 Be6 25. Rc2 Bb8 26. Nd4 Bc8 27. Nf3 Qf4 28. Rd4 h5 29. e5 Qf5 30. Ne4 Rxe5 31. Nxe5 Qxe5 32. Nf6+ Kh8 33. Be4 Rf8 34. Rcd2 Bc7 35. Re2 Kg7 36. Nd7 Bxd7 37. Rxd7 Bb8 38. Bxg6 Kxg6 39. Rxe5 1-0


[Site "https://www.chess.com"]

[Event "Titled Tuesday Blitz June 15 2021"]
[White "Williams, Simon K"]
[Black "Maly, Alexey"]
[WhiteFideId "404454"]
[BlackFideId "14103184"]
[WhiteElo "2468"]
[BlackElo "2285"]
[Result "0-1"]
[Round "10"]
[TimeControl "180+1"]
[Date "2021.06.15"]
[WhiteClock "0:00:13"]
[BlackClock "0:00:21"]

1. e4 c6 2. Bc4 d5 3. Bb3 dxe4 4. Qh5 g6 5. Qh4 Nf6 6. Nc3 Bg7 7. f3 e3 8. dxe3 Na6 9. e4 Nc5 10. Be3 Nxb3 11. axb3 O-O 12. Nge2 Qc7 13. O-O b6 14. b4 Re8 15. Bh6 Bh8 16. h3 a5 17. bxa5 Rxa5 18. Rxa5 bxa5 19. b3 Ba6 20. Rd1 Nd7 21. Be3 Nb6 22. Qf2 Nc8 23. Na4 Rd8 24. Qe1 Rxd1 25. Qxd1 Nd6 26. Bb6 Qb8 27. Qd2 Bb5 28. Bxa5 Qa7+ 29. Bb6 Qa6 30. Be3 Bxe2 31. Nc5 Qa1+ 32. Kh2 Bf1 33. f4 Bc3 34. Qf2 Qe1 35. e5 Qxf2 36. Bxf2 Nf5 37. Ne4 Bd4 38. Be1 Be3 39. g3 h5 40. h4 Nh6 41. b4 Ng4+ 42. Kh1 Be2 43. Kg2 Bd1 44. c4 Bc2 45. Ng5 f6 46. exf6 exf6 47. Ne6 Be4+ 48. Kf1 Bd3+ 49. Kg2 Bxc4 50. Nd8 Bd5+ 0-1


[Site "https://www.chess.com"]

[Event "Titled Tuesday Blitz June 15 2021"]
[White "Willow, Jonah B"]
[Black "Stribuk, Artiom"]
[WhiteFideId "438804"]
[BlackFideId "13515659"]
[WhiteElo "2261"]
[BlackElo "2177"]
[Result "1-0"]
[Round "10"]
[TimeControl "180+1"]
[Date "2021.06.15"]
[WhiteClock "0:00:21"]
[BlackClock "0:00:02"]

1. e4 c5 2. Nf3 Nc6 3. d4 cxd4 4. Nxd4 Nf6 5. Nc3 e5 6. Ndb5 d6 7. Bg5 a6 8. Na3 b5 9. Nd5 Be7 10. Bxf6 Bxf6 11. c4 b4 12. Nc2 O-O 13. g3 a5 14. Bg2 Bg5 15. O-O Be6 16. Qd3 Qb8 17. b3 Bd8 18. Rfd1 Bb6 19. Qe2 Bc5 20. Bf3 Qa7 21. Kg2 g6 22. h4 f5 23. exf5 Rxf5 24. Nde3 Rxf3 25. Qxf3 Nd4 26. Nxd4 Bxd4 27. Rac1 Rf8 28. Qe4 Qc5 29. Rd2 Kg7 30. Rf1 Bd7 31. Nd5 Bc6 32. f4 a4 33. fxe5 Rxf1 34. Kxf1 Bxe5 35. Qf3 axb3 36. axb3 Qa5 37. Rf2 Qa8 38. Qf7+ Kh6 39. g4 Bxd5 40. cxd5 Qa1+ 41. Kg2 Qd4 42. Qf8+ Bg7 43. Qf4+ Qxf4 44. Rxf4 Bc3 45. Rf7 Be5 46. Kf3 g5 47. h5 Bd4 48. Ke4 Bc5 49. Kf5 Bd4 50. Ke6 Be5 51. Rd7 Bf6 52. Kxd6 Be5+ 53. Ke6 Bf6 54. Rf7 Be5 55. Rf5 Bd6 56. Kxd6 1-0


[Site "https://www.chess.com"]

[Event "Titled Tuesday Blitz June 15 2021"]
[White "Xiong, Jeffery"]
[Black "Jones, Gawain C B"]
[WhiteFideId "2047640"]
[BlackFideId "409561"]
[WhiteElo "2724"]
[BlackElo "2657"]
[Result "1-0"]
[Round "10"]
[TimeControl "180+1"]
[Date "2021.06.15"]
[WhiteClock "0:01:07"]
[BlackClock "0:00:01"]

1. d4 Nf6 2. Nf3 g6 3. Nc3 d5 4. Bf4 Bg7 5. Nb5 Na6 6. e3 O-O 7. h3 c6 8. Nc3 b5 9. Be2 b4 10. Na4 Qa5 11. b3 Nd7 12. O-O Nb6 13. Nb2 c5 14. Be5 f6 15. Bg3 Bf5 16. Bxa6 Qxa6 17. dxc5 Nd7 18. Nd4 e6 19. Bd6 Rfc8 20. g4 Nxc5 21. Bxc5 Rxc5 22. gxf5 gxf5 23. Nd3 Rc7 24. Nf4 Re8 25. Ndxe6 Rxe6 26. Qxd5 Re7 27. Rad1 Kf7 28. Rd4 Qc6 29. Nxe6 Qxd5 30. Rxd5 Kxe6 31. Rfd1 Rc7 32. Rd6+ Ke7 33. R6d4 a5 34. Rc4 Ra7 35. Rd5 Ke6 36. Rb5 Bf8 37. Rc6+ Kf7 38. Rxf5 Be7 39. Kg2 a4 40. Kf3 a3 41. e4 Rd7 42. Rd5 Rb7 43. c4 bxc3 44. Rxc3 Kg6 45. Ke2 Bb4 46. Rc6 Re7 47. Kd3 Kg7 48. f4 Be1 49. Rc2 Bh4 50. b4 Rb7 51. b5 Kf7 52. Rc6 Bg3 53. Ke3 Bh4 54. b6 Kg6 55. Kf3 h5 56. e5 Rb8 57. exf6 Rg8 58. Rd7 Kf5 59. Rd5+ Kg6 60. b7 Rb8 61. Rd7 Kf5 62. Rc8 Bxf6 63. Rxb8 1-0


[Site "https://www.chess.com"]

[Event "Titled Tuesday Blitz June 15 2021"]
[White "Yaran, Siar"]
[Black "Nesterov, Arseniy"]
[WhiteFideId "6323006"]
[BlackFideId "24198455"]
[WhiteElo "1977"]
[BlackElo "2441"]
[Result "0-1"]
[Round "10"]
[TimeControl "180+1"]
[Date "2021.06.15"]
[WhiteClock "0:00:02"]
[BlackClock "0:00:14"]

1. e4 e5 2. Nf3 Nc6 3. c3 d5 4. Qa4 Qd6 5. Bb5 Bd7 6. exd5 Qxd5 7. O-O a6 8. Bc4 Qd6 9. Qc2 O-O-O 10. d4 exd4 11. cxd4 Bg4 12. Nbd2 Nxd4 13. Nxd4 Qxd4 14. Nb3 Qe5 15. g3 Bf5 16. Qc3 Qxc3 17. bxc3 Bg6 18. Re1 Nf6 19. Bg5 Bd6 20. Bxf6 gxf6 21. Nd4 Be5 22. Rad1 Rd6 23. f4 Bxd4+ 24. Rxd4 Rxd4 25. cxd4 Rd8 26. d5 Kd7 27. Kf2 Kd6 28. g4 f5 29. g5 h6 30. h4 hxg5 31. fxg5 Rh8 32. Kg3 f4+ 33. Kg4 f3 34. Rh1 Bh5+ 35. Kf4 Re8 36. Bd3 Kxd5 37. Rd1 Kc5 38. Rc1+ Kd4 39. Bf5 c6 40. Rd1+ Kc3 41. Be4 f6 42. Bxf3 fxg5+ 43. Kxg5 Bxf3 44. Rd7 b5 45. h5 Re5+ 46. Kf4 Rxh5 47. Kxf3 Rh2 48. Rc7 Rxa2 49. Rxc6+ Kb3 50. Ke3 b4 51. Kd3 a5 52. Rc1 a4 53. Rb1+ Rb2 54. Ra1 a3 55. Kd4 a2 56. Kd3 Rb1 0-1


[Site "https://www.chess.com"]

[Event "Titled Tuesday Blitz June 15 2021"]
[White "Yoo, Christopher Woojin"]
[Black "Villegas, Pierre"]
[WhiteFideId "30909694"]
[BlackFideId "654183"]
[WhiteElo "2009"]
[BlackElo "2411"]
[Result "1-0"]
[Round "10"]
[TimeControl "180+1"]
[Date "2021.06.15"]
[WhiteClock "0:00:49"]
[BlackClock "0:00:07"]

1. e4 c6 2. d4 d5 3. exd5 cxd5 4. c4 Nf6 5. Nc3 Nc6 6. Nf3 Bg4 7. Bg5 Qa5 8. Qb3 O-O-O 9. Bxf6 exf6 10. cxd5 Bxf3 11. dxc6 Bxc6 12. O-O-O Bb4 13. Bc4 Bxc3 14. Qxc3 Qxc3+ 15. bxc3 Bd5 16. Bb3 Rhe8 17. Rhe1 Rxe1 18. Rxe1 Bxb3 19. axb3 Kd7 20. Kc2 Rc8 21. c4 Rc6 22. Kc3 Ra6 23. Re2 Ra1 24. d5 b6 25. b4 a5 26. bxa5 Rxa5 27. Rb2 Kc7 28. Kb4 Ra1 29. Re2 Kd7 30. h4 h5 31. g3 g6 32. Re3 Ra2 33. Rf3 Ke7 34. Kb5 Rb2+ 35. Kc6 Rb4 36. d6+ Ke6 37. Re3+ 1-0


[Site "https://www.chess.com"]

[Event "Titled Tuesday Blitz June 15 2021"]
[White "Zhigalko, Sergei"]
[Black "SpeedofLight0"]
[WhiteFideId "13502956"]
[WhiteElo "2662"]
[BlackElo "2828"]
[Result "1-0"]
[Round "10"]
[TimeControl "180+1"]
[Date "2021.06.15"]
[WhiteClock "0:00:07"]
[BlackClock "0:00:07"]

1. e4 c5 2. Nf3 Nc6 3. c3 d5 4. exd5 Qxd5 5. d4 Bf5 6. Be3 Nf6 7. Nbd2 e6 8. Bc4 Qd7 9. dxc5 Ng4 10. Qe2 Nxe3 11. Qxe3 a5 12. O-O Qe7 13. b4 axb4 14. cxb4 Nxb4 15. Bb5+ Nc6 16. Nd4 Rc8 17. Nc4 Qxc5 18. Rac1 Rd8 19. Rfd1 Rd5 20. Na5 Rxd4 21. Qxd4 Qxd4 22. Rxd4 Ba3 23. Nxc6 bxc6 24. Bxc6+ Ke7 25. Rd7+ Kf6 26. Rcd1 Rc8 27. Ba4 Bg4 28. Re1 Bb4 29. Rf1 Be2 30. Rb1 Ba3 31. h3 g5 32. Bb3 Bh5 33. Rd2 Bg6 34. Rf1 h5 35. Rfd1 g4 36. Rd8 Rc3 37. hxg4 hxg4 38. R8d4 g3 39. fxg3 Rxg3 40. Kf2 Rc3 41. Rf4+ Ke7 42. Rf3 Rc6 43. Rh3 Rc7 44. Ke2 Rb7 45. Rd4 Rb5 46. Rc4 Re5+ 47. Kd2 Bd6 48. Ra4 Rd5+ 49. Bxd5 exd5 50. Ra7+ Ke6 51. Ra6 Ke5 52. Re3+ Be4 53. Rxd6 Kxd6 54. g3 f5 55. Ra3 d4 56. Ra5 Kc6 57. a3 Kb6 58. Re5 Kc6 59. Ra5 Kb6 60. Re5 Kc6 61. a4 Kd6 62. Ra5 Kc6 63. Rb5 Bg2 64. Rxf5 Bd5 65. g4 Bb3 66. a5 Be6 67. Rf6 Kd5 68. Rxe6 Kxe6 69. a6 Ke5 70. g5 Kf4 71. a7 Kxg5 72. a8=Q Kf4 73. Qd5 Kg3 74. Qxd4 Kh2 75. Qg4 1-0


[Site "https://www.chess.com"]

[Event "Titled Tuesday Blitz June 15 2021"]
[White "Zhukov, Anton"]
[Black "Madaminov, Mukhiddin"]
[WhiteFideId "34187534"]
[BlackFideId "14210703"]
[WhiteElo "2104"]
[BlackElo "1747"]
[Result "0-1"]
[Round "10"]
[TimeControl "180+1"]
[Date "2021.06.15"]
[WhiteClock "0:00:51"]
[BlackClock "0:01:09"]

1. d4 Nf6 2. c4 e6 3. Nf3 Bb4+ 4. Bd2 a5 5. g3 b6 6. Bg2 Bb7 7. O-O O-O 8. Bf4 d5 9. cxd5 exd5 10. Nc3 Bd6 11. Bxd6 Qxd6 12. Rc1 c6 13. Ne5 Nbd7 14. Nxd7 Qxd7 15. Na4 Qd8 16. Qb3 Ra6 17. Rfd1 Re8 18. e3 Ba8 19. Bf1 b5 20. Nc5 Ra7 21. Qc2 a4 22. b3 a3 23. b4 Nd7 24. Nxd7 Qxd7 25. Rd3 Qd6 26. Qc5 Qxc5 27. Rxc5 Ra4 28. Rb3 Kf8 29. Be2 Bb7 30. Bd1 Rea8 31. Rcc3 Ke7 32. Rb1 R4a6 33. Bc2 Kd6 34. f3 Bc8 35. e4 dxe4 36. fxe4 Be6 37. Bb3 Bxb3 38. Rbxb3 Re8 39. Re3 Ra4 40. Kf2 f6 41. Kf3 h5 42. Kf4 Ke6 43. e5 g5+ 44. Kf3 f5 45. Ke2 Rd8 46. Kd3 c5 47. bxc5 Raxd4+ 48. Ke2 b4 49. Kf3 g4+ 50. Kf2 Rc8 51. Red3 Rxd3 52. Rxd3 Rxc5 53. Rb3 Rc2+ 54. Ke3 Rb2 0-1


[Site "https://www.chess.com"]

[Event "Titled Tuesday Blitz June 15 2021"]
[White "Zubov, Alexander"]
[Black "Lazavik, Denis"]
[WhiteFideId "14109409"]
[BlackFideId "13515110"]
[WhiteElo "2740"]
[BlackElo "2436"]
[Result "1-0"]
[Round "10"]
[TimeControl "180+1"]
[Date "2021.06.15"]
[WhiteClock "0:00:04"]
[BlackClock "0:00:02"]

1. e4 e5 2. Nf3 Nc6 3. Bb5 a6 4. Ba4 Nf6 5. d3 d6 6. c3 g6 7. Nbd2 Bg7 8. Nf1 O-O 9. Ng3 Re8 10. O-O h6 11. Re1 Bd7 12. h3 d5 13. Be3 Qe7 14. b4 b6 15. Qc2 Rad8 16. a3 dxe4 17. dxe4 Na7 18. Bb3 Nc8 19. a4 Bc6 20. a5 Bb7 21. axb6 cxb6 22. Nd2 Qc7 23. c4 Nh7 24. c5 b5 25. h4 h5 26. Nf3 Na7 27. Qc3 Nc6 28. Rad1 Rxd1 29. Rxd1 Rd8 30. Rd5 Bc8 31. Qd2 Be6 32. Rxd8+ Qxd8 33. Bd5 Qd7 34. Ne2 Nf6 35. Bxe6 Qxe6 36. Ng5 Qd7 37. Qb2 Ng4 38. Bd2 Qd3 39. Qa2 Nd8 40. Ng3 Qd4 41. Be1 Qd7 42. Qd5 Qe7 43. Qa8 Bf8 44. Qxa6 Qd7 45. Qa2 Qd1 46. Qd2 Qb1 47. Kf1 Nc6 48. Qd5 Nh6 49. Qxc6 Qd3+ 50. Kg1 Qd1 51. Qd5 Qxe1+ 52. Nf1 Qxb4 53. c6 Qd6 54. Qxb5 Ng4 55. f3 Nh6 56. Qb7 Qc5+ 57. Kh2 Bd6 58. Qd7 Qb4 59. Ng3 Qc5 60. Ne2 1-0


[Site "https://www.chess.com"]

[Event "Titled Tuesday Blitz June 15 2021"]
[White "Zufic, Miroslav"]
[Black "Schmidt, Harald"]
[WhiteFideId "14506157"]
[BlackFideId "4648358"]
[WhiteElo "2362"]
[BlackElo "2366"]
[Result "1/2-1/2"]
[Round "10"]
[TimeControl "180+1"]
[Date "2021.06.15"]
[WhiteClock "0:00:06"]
[BlackClock "0:00:09"]

1. b3 a5 2. Bb2 a4 3. Nf3 d6 4. c4 Bf5 5. bxa4 Nd7 6. Nc3 e5 7. g3 Ngf6 8. Bg2 Be7 9. O-O c6 10. d4 exd4 11. Nxd4 Bg6 12. h3 Nc5 13. g4 h5 14. g5 Nfe4 15. Nxe4 Bxe4 16. h4 Qd7 17. f3 Bg6 18. Rc1 f6 19. f4 Be4 20. e3 Bxg2 21. Kxg2 Rxa4 22. a3 d5 23. cxd5 Qxd5+ 24. Kh2 Rc4 25. Rxc4 Qxc4 26. Nf5 Qd3 27. Nxg7+ Kf7 28. gxf6 Bxf6 29. Bxf6 Kxf6 30. Nxh5+ Rxh5 31. Qxh5 Qxf1 32. Qg5+ Kf7 33. Qf5+ Kg7 34. Qe5+ Kf7 35. Qxc5 Qf2+ 36. Kh3 Qf3+ 37. Kh2 Qf2+ 38. Kh3 Qf3+ 39. Kh2 Qf2+ 1/2-1/2


[Site "https://www.chess.com"]

[Event "Titled Tuesday Blitz June 15 2021"]
[White "deribas12345"]
[Black "Shahade, Gregory"]
[BlackFideId "2009064"]
[WhiteElo "2549"]
[BlackElo "2724"]
[Result "0-1"]
[Round "10"]
[TimeControl "180+1"]
[Date "2021.06.15"]
[WhiteClock "0:00:18"]
[BlackClock "0:00:08"]

1. d4 Nf6 2. c4 g6 3. Nc3 d5 4. Bg5 Ne4 5. Bh4 Nxc3 6. bxc3 dxc4 7. Nf3 Bg7 8. e3 Be6 9. Be2 Nd7 10. Ng5 Bd5 11. e4 h6 12. exd5 hxg5 13. Bxg5 Nb6 14. O-O Qxd5 15. h4 c6 16. Bf3 Qd7 17. Re1 e6 18. Qe2 O-O 19. Bf4 Nd5 20. Be5 Nxc3 21. Qxc4 Nd5 22. h5 g5 23. Bxg7 Kxg7 24. Rab1 b5 25. Qc1 Kh6 26. Bxd5 cxd5 27. f4 Rg8 28. Rb3 Rac8 29. Qd2 f6 30. Rf1 g4 31. f5+ Rg5 32. fxe6 Qxe6 33. Rxb5 Rc6 34. Rb8 g3 35. Qf4 Qe4 36. Rh8+ Kg7 37. Qb8 Qxd4+ 38. Kh1 Qh4+ 39. Kg1 Qh2# 0-1


[Site "https://www.chess.com"]

[Event "Titled Tuesday Blitz June 15 2021"]
[White "elcandado"]
[Black "Grunberg, Mihai-Lucian"]
[BlackFideId "1204149"]
[WhiteElo "2650"]
[BlackElo "2364"]
[Result "1-0"]
[Round "10"]
[TimeControl "180+1"]
[Date "2021.06.15"]
[WhiteClock "0:02:17"]
[BlackClock "0:02:08"]

1. d4 Nf6 2. Bf4 g6 3. Nc3 d5 4. Nb5 Na6 5. e3 c6 6. Na3 Bg7 7. h3 O-O 8. Nf3 Nc7 9. Be2 b5 10. O-O b4 11. Nb1 a5 12. a3 Ba6 13. axb4 Bxe2 14. Qxe2 axb4 15. Nbd2 Ne6 16. Bh2 Qb6 17. Nb3 Ne4 18. Ne5 f6 19. Nd7 Qb7 20. Nxf8 Kxf8 21. Rxa8+ Qxa8 22. Ra1 Qb7 23. Qa6 Qxa6 24. Rxa6 c5 25. Rxe6 1-0


[Site "https://www.chess.com"]

[Event "Titled Tuesday Blitz June 15 2021"]
[White "tylityli"]
[Black "Levine, Joseph"]
[BlackFideId "30940346"]
[WhiteElo "2324"]
[BlackElo "1785"]
[Result "0-1"]
[Round "10"]
[TimeControl "180+1"]
[Date "2021.06.15"]
[WhiteClock "0:00:02"]
[BlackClock "0:00:05"]

1. d4 d5 2. c4 e6 3. Nc3 Nf6 4. cxd5 exd5 5. Bg5 c6 6. e3 Bd6 7. Bd3 O-O 8. Qc2 h6 9. Bh4 Re8 10. Nge2 Nbd7 11. Bg3 Nf8 12. O-O Bg4 13. f3 Bh5 14. Bf2 Bg6 15. Kh1 Bxd3 16. Qxd3 Qe7 17. Ng3 Bxg3 18. hxg3 Ng6 19. g4 Qe6 20. b4 h5 21. g5 Nh7 22. f4 f5 23. b5 Ne7 24. a4 Nf8 25. a5 cxb5 26. Qxb5 Rac8 27. Rac1 Qc6 28. Qb2 Qd7 29. Qb3 Red8 30. Na4 Ne6 31. Rb1 Rc7 32. Rfc1 Rdc8 33. Rxc7 Rxc7 34. Kh2 Kh7 35. Be1 Nc6 36. Nc5 Nxc5 37. dxc5 d4 38. exd4 Qxd4 39. Bg3 Qxc5 40. Qb5 Qf8 41. Rc1 Qf7 42. Rc5 Nd4 43. Rxc7 Qxc7 44. Qd5 Qc3 0-1


[Site "https://www.chess.com"]

[Event "Titled Tuesday Blitz June 15 2021"]
[White "Alekseenko, Kirill"]
[Black "Zubov, Alexander"]
[WhiteFideId "4135539"]
[BlackFideId "14109409"]
[WhiteElo "2580"]
[BlackElo "2740"]
[Result "0-1"]
[Round "11"]
[TimeControl "180+1"]
[Date "2021.06.15"]
[WhiteClock "0:00:02"]
[BlackClock "0:00:15"]

1. e4 e5 2. Nf3 Nc6 3. Bc4 Bc5 4. c3 Nf6 5. d3 d6 6. O-O a6 7. a4 h6 8. a5 O-O 9. h3 Be6 10. Bxe6 fxe6 11. b4 Ba7 12. Re1 Qe8 13. Be3 Nh5 14. g3 Rf6 15. Ra2 Qf7 16. Nbd2 Rf8 17. Kg2 Qg6 18. Kh2 Qf7 19. Kg2 g5 20. Qe2 Qg6 21. Rf1 Kh7 22. Bxa7 Nxa7 23. Nh2 R6f7 24. Nc4 Nf6 25. Ne3 h5 26. Rb2 Nb5 27. Rc2 Kg8 28. Qd2 g4 29. hxg4 Nxg4 30. Nexg4 hxg4 31. Qe2 Rf3 32. Qd1 d5 33. Re1 d4 34. c4 Nc3 35. Qd2 Kg7 36. Rh1 R3f6 37. Qe1 b6 38. axb6 cxb6 39. Qc1 a5 40. c5 a4 41. cxb6 Qh5 42. Nf1 Qf7 43. Qg5+ Qg6 44. Qxe5 Kg8 45. Qxd4 Nd1 46. Rd2 Nxf2 47. Rxf2 Rxf2+ 48. Qxf2 Rxf2+ 49. Kxf2 Qf6+ 50. Ke1 Qc3+ 51. Nd2 Qxb4 52. Ke2 Qxb6 53. Rb1 Qa7 54. Nc4 a3 55. Ra1 a2 56. Ne3 Qa3 57. Nc4 Qb3 58. Rf1 Qc3 0-1


[Site "https://www.chess.com"]

[Event "Titled Tuesday Blitz June 15 2021"]
[White "Andreikin, Dmitry"]
[Black "Jumabayev, Rinat"]
[WhiteFideId "4158814"]
[BlackFideId "13702661"]
[WhiteElo "2782"]
[BlackElo "2535"]
[Result "1-0"]
[Round "11"]
[TimeControl "180+1"]
[Date "2021.06.15"]
[WhiteClock "0:00:09"]
[BlackClock "0:00:02"]

1. d4 Nf6 2. Bg5 d5 3. Nd2 c5 4. dxc5 Qa5 5. c3 Qxc5 6. Ngf3 Nbd7 7. Qa4 Qc6 8. Qh4 Qb6 9. O-O-O Nc5 10. e4 Nfxe4 11. Nxe4 dxe4 12. Be3 exf3 13. Bxc5 Qc6 14. gxf3 a6 15. Qd4 Bd7 16. Bg2 O-O-O 17. Bb6 e5 18. Qe3 Re8 19. Rd2 Be7 20. Rhd1 Be6 21. Bh1 h6 22. f4 exf4 23. Qd4 Qc4 24. Qxc4+ Bxc4 25. Rd7 Bd8 26. Bxd8 Bb5 27. Rc7+ Kb8 28. Rxb7+ Kc8 29. Bb6 f3 30. Bxf3 1-0


[Site "https://www.chess.com"]

[Event "Titled Tuesday Blitz June 15 2021"]
[White "Assaubayeva, Bibisara"]
[Black "Yoo, Christopher Woojin"]
[WhiteFideId "13708694"]
[BlackFideId "30909694"]
[WhiteElo "2232"]
[BlackElo "2009"]
[Result "0-1"]
[Round "11"]
[TimeControl "180+1"]
[Date "2021.06.15"]
[WhiteClock "0:00:06"]
[BlackClock "0:00:11"]

1. d4 Nf6 2. c4 e6 3. Nf3 d5 4. Nc3 h6 5. Bf4 Bb4 6. Qa4+ Nc6 7. e3 O-O 8. Bd3 dxc4 9. Bxc4 Nd5 10. Bxd5 exd5 11. O-O Bxc3 12. bxc3 a6 13. c4 dxc4 14. Qxc4 Be6 15. Qc2 Re8 16. Rfe1 Qd7 17. Rad1 Bf5 18. e4 Bg4 19. d5 Bxf3 20. gxf3 Ne5 21. Qc3 f6 22. Bg3 h5 23. f4 Nf7 24. e5 Qh3 25. f3 h4 26. Bf2 fxe5 27. fxe5 Ng5 28. Rd3 Rf8 29. Ree3 Qf5 30. Qe1 Nh3+ 31. Kh1 Rae8 32. Bxh4 Rxe5 33. Bg3 Rxd5 34. Rxd5 Qxd5 35. Re7 Qxf3# 0-1


[Site "https://www.chess.com"]

[Event "Titled Tuesday Blitz June 15 2021"]
[White "Eljanov, Pavel"]
[Black "Sjugirov, Sanan"]
[WhiteFideId "14102951"]
[BlackFideId "4189302"]
[WhiteElo "2602"]
[BlackElo "2472"]
[Result "0-1"]
[Round "11"]
[TimeControl "180+1"]
[Date "2021.06.15"]
[WhiteClock "0:00:01"]
[BlackClock "0:00:52"]

1. Nf3 c5 2. g3 Nc6 3. c4 g6 4. Bg2 Bg7 5. Nc3 e5 6. d3 Nge7 7. a3 O-O 8. Rb1 a5 9. Nd2 d6 10. Nf1 Be6 11. Ne3 Rb8 12. Ned5 Qd7 13. O-O Bh3 14. e4 Bxg2 15. Kxg2 f5 16. f3 Nxd5 17. cxd5 Nd4 18. Be3 b5 19. Qd2 a4 20. Bxd4 exd4 21. Ne2 b4 22. Qc2 Bh6 23. f4 fxe4 24. dxe4 Qb5 25. Rf3 Bg7 26. f5 c4 27. Nf4 d3 28. Qf2 bxa3 29. Ne6 Qxb2 30. Rxb2 Rxb2 31. Nxf8 Bd4 32. Qxb2 axb2 33. Ne6 b1=Q 34. fxg6 hxg6 0-1


[Site "https://www.chess.com"]

[Event "Titled Tuesday Blitz June 15 2021"]
[White "Gormally, Daniel W"]
[Black "Real De Azua, Ernesto"]
[WhiteFideId "406465"]
[BlackFideId "108154"]
[WhiteElo "2543"]
[BlackElo "2476"]
[Result "1-0"]
[Round "11"]
[TimeControl "180+1"]
[Date "2021.06.15"]
[WhiteClock "0:00:51"]
[BlackClock "0:00:02"]

1. d4 Nf6 2. Nf3 d5 3. c4 e6 4. g3 Bb4+ 5. Nc3 O-O 6. a3 Bxc3+ 7. bxc3 dxc4 8. Bg2 Nbd7 9. O-O b5 10. a4 c6 11. Ba3 Re8 12. Qc2 Bb7 13. Rfb1 a6 14. Nd2 Nb6 15. a5 Nbd7 16. Nxc4 bxc4 17. Rxb7 Nd5 18. e4 Nc7 19. Qa4 Nb5 20. Qxc4 Qc8 21. Rxd7 Qxd7 22. Bc5 Rac8 23. h3 e5 24. Rd1 h6 25. Kh2 Red8 26. Bf3 Qe8 27. Kg2 Rb8 28. Bb6 Rdc8 29. Qc5 exd4 30. cxd4 Rb7 31. e5 Qe7 32. Rc1 Qxc5 33. Bxc5 f6 34. exf6 gxf6 35. Bb6 Kf8 36. Bg4 Re8 37. Rxc6 Rf7 38. Bh5 1-0


[Site "https://www.chess.com"]

[Event "Titled Tuesday Blitz June 15 2021"]
[White "Hansen, Eric"]
[Black "Shevchenko, Kirill"]
[WhiteFideId "2606771"]
[BlackFideId "14129574"]
[WhiteElo "2568"]
[BlackElo "2569"]
[Result "0-1"]
[Round "11"]
[TimeControl "180+1"]
[Date "2021.06.15"]
[WhiteClock "0:00:03"]
[BlackClock "0:00:35"]

1. e4 c5 2. Nf3 d6 3. Bb5+ Nd7 4. c3 Nf6 5. Qe2 a6 6. Ba4 b5 7. Bc2 Bb7 8. O-O g6 9. d4 Bg7 10. h3 O-O 11. Re1 Qc7 12. Bd3 cxd4 13. cxd4 e5 14. d5 Nc5 15. Bc2 a5 16. Bg5 Ba6 17. Qe3 Nh5 18. Nbd2 Nf4 19. Nb3 Nxb3 20. Bxb3 a4 21. Rac1 Qa5 22. Bc2 b4 23. Bb1 Rfc8 24. Bxf4 exf4 25. Qxf4 Bxb2 26. Rxc8+ Rxc8 27. Qxd6 b3 28. axb3 axb3 29. e5 Rd8 30. Qf6 Rxd5 31. Kh2 Qxe1 32. Qxa6 Bxe5+ 33. Nxe5 Qxe5+ 34. g3 b2 35. Ba2 Rd6 36. Qb7 Rf6 37. Kg2 Qd4 38. Qb8+ Kg7 0-1


[Site "https://www.chess.com"]

[Event "Titled Tuesday Blitz June 15 2021"]
[White "Herman, Matthew"]
[Black "Donchenko, Alexander"]
[WhiteFideId "2028964"]
[BlackFideId "24603295"]
[WhiteElo "2368"]
[BlackElo "2553"]
[Result "0-1"]
[Round "11"]
[TimeControl "180+1"]
[Date "2021.06.15"]
[WhiteClock "0:00:35"]
[BlackClock "0:02:10"]

1. d4 d5 2. c4 e6 3. Nc3 Nf6 4. Bg5 Be7 5. Nf3 h6 6. Bh4 O-O 7. e3 Ne4 8. Bg3 c5 9. Qc2 cxd4 10. exd4 Nxc3 11. bxc3 Nc6 12. c5 b6 13. Bb5 Bd7 14. Qa4 Qc8 15. cxb6 axb6 16. Qd1 Ne5 0-1


[Site "https://www.chess.com"]

[Event "Titled Tuesday Blitz June 15 2021"]
[White "Howell, David W L"]
[Black "Ponkratov, Pavel"]
[WhiteFideId "410608"]
[BlackFideId "4157800"]
[WhiteElo "2643"]
[BlackElo "2636"]
[Result "0-1"]
[Round "11"]
[TimeControl "180+1"]
[Date "2021.06.15"]
[WhiteClock "0:00:01"]
[BlackClock "0:00:22"]

1. d4 c5 2. c3 Nf6 3. Bg5 Ne4 4. Bf4 Qb6 5. Qb3 cxd4 6. Qxb6 axb6 7. cxd4 Nc6 8. Nc3 Nxd4 9. Rc1 Nxc3 10. Rxc3 Nc6 11. a3 e5 12. Bd2 d5 13. e3 Bd7 14. Bb5 Bc5 15. Nf3 f6 16. O-O Ke7 17. Rd1 Rhd8 18. h3 d4 19. exd4 Nxd4 20. Nxd4 exd4 21. Rb3 Bxb5 22. Rxb5 Kf7 23. Kf1 Rd7 24. Bb4 Rc8 25. Ke2 d3+ 26. Rxd3 Re8+ 27. Kd2 Rxd3+ 28. Kxd3 Bxf2 29. Rd5 Ke6 30. Rd6+ Kf5 31. Rd7 Re3+ 32. Kd2 Rg3 33. Ke2 Rxg2 34. Kf3 Rh2 35. Bd6 Rxh3+ 36. Kxf2 Rd3 37. Rd8 Rd2+ 38. Ke3 Rxb2 39. Bb4 Rb3+ 40. Kf2 h5 41. Rd5+ Kg4 42. Rd4+ Kg5 43. Rd5+ f5 44. Bd2+ Kf6 45. Rd6+ Kf7 46. Rd7+ Kf6 47. Rd6+ Ke5 48. Rg6 Rxa3 49. Rxg7 Ra2 50. Ke1 b5 51. Rxb7 Ra1+ 52. Kf2 Rb1 53. Bc3+ Kf4 54. Bd2+ Ke4 55. Re7+ Kd3 56. Rd7+ Kc2 57. Ba5 Ra1 58. Bb4 Ra4 59. Bf8 b4 60. Rd4 Kc3 61. Rf4 Ra2+ 62. Kg3 b3 63. Rxf5 Ra7 64. Rc5+ Kd3 65. Rb5 Kc2 66. Bc5 Rg7+ 67. Kh3 Rg5 68. Kh4 Rd5 69. Kh3 b2 70. Rxb2+ Kxb2 71. Be7 Kc2 72. Kh4 Kd3 73. Bg5 Ke4 74. Kxh5 Kf5 75. Kh4 Rd4+ 76. Kh5 Rd1 0-1


[Site "https://www.chess.com"]

[Event "Titled Tuesday Blitz June 15 2021"]
[White "Indjic, Aleksandar"]
[Black "Nakamura, Hikaru"]
[WhiteFideId "911925"]
[BlackFideId "2016192"]
[WhiteElo "2643"]
[BlackElo "2900"]
[Result "1-0"]
[Round "11"]
[TimeControl "180+1"]
[Date "2021.06.15"]
[WhiteClock "0:00:57"]
[BlackClock "0:01:04"]

1. d4 g6 2. c4 Bg7 3. Nf3 f5 4. Nc3 Nf6 5. h4 d6 6. Bg5 Nbd7 7. Qc2 c6 8. O-O-O Qa5 9. e3 e5 10. c5 e4 11. Nd2 d5 12. f3 O-O 13. g4 h6 14. gxf5 hxg5 15. hxg5 gxf5 16. gxf6 Nxf6 17. Bh3 Rf7 18. Rdg1 Qc7 19. Ne2 Qe7 20. fxe4 Nxe4 21. Nxe4 Qxe4 22. Qd2 Bd7 23. Bg2 Qe7 24. Nf4 Re8 25. Rh3 b6 26. Qd1 Rf6 27. Qh5 bxc5 28. Bxd5+ cxd5 29. Qh8+ 1-0


[Site "https://www.chess.com"]